 Dungeon Crawl Stone Soup version 0.21-a0-82-gdb84782 (webtiles) character file.

65978 MackTheKnife the Fighter (level 15, -1/99 HPs)
             Began as a Tengu Air Elementalist on June 24, 2017.
             Was the Champion of Ashenzari.
             Slain by an orc warrior
             ... wielding a +0 battleaxe
              (3 damage)
             ... while paralysed by an orc sorcerer
             ... on level 2 of the Orcish Mines.
             The game lasted 01:02:41 (27535 turns).

MackTheKnife the Fighter (Tengu Air Elementalist)  Turns: 27535, Time: 01:02:42

Health: -1/99      AC: 18    Str:  9    XL:     15   Next: 18%
Magic:  3/29       EV:  2    Int: 19    God:    Ashenzari [******]
Gold:   1865       SH:  0    Dex: 17    Spells: 8/32 levels left

rFire    + + .     SeeInvis +   a - +6 short sword (elec) (curse)
rCold    . . .     Gourm    .   (no shield)
rNeg     . . .     Faith    +   G - +4 ring mail {rF+} (curse)
rPois    .         Spirit   .   (helmet restricted)
rElec    .         Reflect  .   D - +0 cloak (curse)
rCorr    .         Harm     .   A - +1 pair of gloves (curse)
MR       ++...     Clarity  +   (boots unavailable)
Stlth    +.........             w - amulet of faith (curse) {Faith, !P}
HPRegen  0.26/turn              p - ring of protection from magic (curse) {MR+, !d}
MPRegen  0.21/turn              j - +3 ring of protection (curse)

@: paralysed, flying quickly and evasively, hasted, quick
A: beak, horns 1, talons 3, clarity, fire resistance 1, able to fly 2
a: Stop Flying, Curse Item, Scrying, Transfer Knowledge, Renounce Religion


You were on level 2 of the Orcish Mines.
You worshipped Ashenzari.
Ashenzari was exalted by your worship.
You were not hungry.

You visited 3 branches of the dungeon, and saw 18 of its levels.
You also visited: Labyrinth, Ossuary and Volcano.

You collected 1865 gold pieces.

Inventory:

Hand Weapons
 a - a cursed +6 short sword of electrocution (weapon)
   (You took it off Duvessa on level 5 of the Dungeon)
Missiles
 y - 2 throwing nets {=f, !d}
Armour
 A - a cursed +1 pair of gloves (worn)
   (You found it on level 1 of the Dungeon)
 D - a cursed +0 cloak (worn)
   (You took it off Crazy Yiuf on level 5 of the Dungeon)
 G - a cursed +4 ring mail of fire resistance (worn)
   (You found it in a volcano)
Jewellery
 j - a cursed +3 ring of protection (right hand)
   (You found it on level 5 of the Dungeon)
 p - a cursed ring of protection from magic (left hand) {MR+, !d}
   (You found it on level 2 of the Dungeon)
 w - a cursed amulet of faith (around neck) {Faith, !P}
   (You found it on level 9 of the Dungeon)
 M - an uncursed ring of wizardry {Wiz+, !d}
   (You found it in a labyrinth)
Wands
 x - a wand of clouds (3/9)
   (You took it off Maurice on level 9 of the Dungeon)
 K - a wand of lightning (8/15)
   (You found it in a labyrinth)
 L - a wand of digging (13/24)
   (You found it on level 6 of the Lair of Beasts)
 Q - a wand of iceblast (7/15)
   (You found it in a labyrinth)
 S - a wand of acid (10/15)
   (You found it on level 3 of the Lair of Beasts)
Scrolls
 d - 7 scrolls of teleportation
 k - 4 scrolls of remove curse
 l - 2 scrolls of fog
 o - 10 scrolls of magic mapping {!r}
 s - 2 scrolls of enchant armour
 I - 6 scrolls of identify
 O - a scroll of recharging
Potions
 b - 4 potions of berserk rage {!q}
 e - a potion of resistance
 f - 3 potions of agility
 g - 2 potions of magic
 i - 4 potions of ambrosia
 q - 8 potions of curing
 r - 3 potions of flight
 t - 2 potions of lignification {!q}
 u - a potion of cancellation
 v - 3 potions of heal wounds
 B - a potion of brilliance
 F - 2 potions of haste
Miscellaneous
 z - 2 phantom mirrors
 C - 2 boxes of beasts
 J - a sack of spiders
 N - a fan of gales
   (You found it on level 6 of the Lair of Beasts)
 R - a lamp of fire
   (You found it in a labyrinth)
Comestibles
 c - 2 bread rations {@e1}
 m - 11 royal jellies
 n - 5 meat rations {@e2}
 H - 3 fruits


   Skills:
 - Level 13.5 Fighting
 - Level 9.0(13.4) Short Blades
 - Level 7.2(10.3) Armour
 - Level 12.6(15.3) Dodging
 - Level 2.0 Stealth
 - Level 9.2 Spellcasting
 + Level 11.0(15.2) Conjurations
 - Level 2.5(6.1) Hexes
 - Level 3.0(6.8) Charms
 - Level 2.5(6.1) Necromancy
 + Level 11.9(16.1) Air Magic


You had 8 spell levels left.
You knew the following spells:

 Your Spells              Type           Power        Failure   Level  Hunger
a - Static Discharge      Conj/Air       ######..     1%          3    None
b - Airstrike             Air            ######....   1%          4    ###....
c - Iskenderun's Mystic   Conj           ######..     1%          4    ###....
r - Regeneration          Chrm/Necr      ####......   3%          3    None
s - Swiftness             Chrm/Air       ######..     1%          2    None
x - Lightning Bolt        Conj/Air       ######....   1%          5    #####..
z - Spectral Weapon       Hex/Chrm       ####....     3%          3    None


Dungeon Overview and Level Annotations

Branches:
Dungeon (10/15)            Temple (0/1) D:5            Lair (6/6) D:9
 Shoals (0/4) Lair:2       Spider (0/4) Lair:3        Slime (0/5) Lair:6
    Orc (2/2) D:9             Elf (0/3) Orc:2

Altars:
Ashenzari
Dithmenos
Gozag
Hepliaklqana
Okawaru
Ru
Uskayaw
Wu Jian
Xom
Yredelemnul
Beogh
Jiyva

Annotations:
D:3 Rrauwl's ghost, amateur DENe
Lair:5 1 exclusion


Innate Abilities, Weirdness & Mutations

You have a beak for a mouth.
You have claws for feet.
You can fly continuously.
You have a pair of small horns on your head.
You possess an exceptional clarity of mind.
Your flesh is heat resistant. (rF+)


Message History

Your headbutt misses the orc warrior. The orc warrior misses you.
You draw out your weapon's spirit!
You now have 26/29 mp.
You hit the orc warrior but do no damage.
Your kick misses the orc warrior. Your headbutt misses the orc warrior.
The orc warrior misses you.
You puncture the orc warrior! Your kick misses the orc warrior.
Your peck misses the orc warrior.
Your spectral weapon hits the orc warrior.
You hit the orc warrior.
Lightning courses through the orc warrior!
You kill the orc warrior!
No target in view!
Things that are here:
a +0 scimitar; a +0 chain mail; an orc corpse Your spectral weapon fades away.
The orc warrior shouts!
The orc warrior is too close now for your liking.
An orc warrior is nearby!
You regained 11 hp, and now have 96/99 hp.
MP restored: 29
Things that are here:
a +0 robe; a +1 dagger of venom An orc warrior comes into view.
It is wielding a battleaxe.
The orc warrior shouts!
You puncture the orc warrior! Your peck misses the orc warrior.
The orc warrior completely misses you.
You hit the orc warrior.
Lightning courses through the orc warrior!
An orc high priest comes into view. It is wielding a glaive.
The orc high priest shouts!
You hit the orc warrior but do no damage.
You claw the orc warrior, but do no damage.
The orc warrior hits you with a battleaxe.
You take 5 damage, and have 92/99 hp.
You puncture the orc warrior!
Lightning courses through the orc warrior!
You kill the orc warrior!
Aim: an orc high priest, wielding a glaive The air twists around and strikes the orc high priest!
The orc high priest utters an invocation to Beogh.
An orc sorcerer comes into view. It is wielding a dagger.
You now have 25/29 mp.
Aim: an orc high priest, wielding a glaive (lightly wounded)
The air twists around and strikes the orc high priest!
The orc sorcerer shouts!
The orc sorcerer casts a spell.
You now have 21/29 mp.
Aim: an orc high priest, wielding a glaive (moderately wounded)
The air twists around and strikes the orc high priest!
The orc high priest mumbles some strange prayers to Beogh.
You now have 17/29 mp.
Aim: an orc high priest, wielding a glaive (heavily wounded)
The air twists around and strikes the orc high priest!
The orc sorcerer curses repeatedly.
You now have 13/29 mp.
Aim: an orc high priest, wielding a glaive (severely wounded)
The air twists around and strikes the orc high priest!
The orc wizard hits you but does no damage.
The orc warrior hits you with a battleaxe.
You take 3 damage, and have 90/99 hp.
You now have 10/29 mp.
Aim: an orc high priest, wielding a glaive (almost dead)
The air twists around and strikes the orc high priest!
You kill the orc high priest!
The sun demon disappears in a puff of smoke!
The ice devil disappears in a puff of smoke!
Your base Conjurations skill increases to level 11!
The orc shouts!
The orc sorcerer points at you and mumbles some strange words.
The bolt of fire hits the orc wizard.
The orc wizard dies!
The bolt of fire hits you! You resist. The orc warrior barely misses you.
You take 2 damage, and have 88/99 hp.
You now have 6/29 mp.
Aim: an orc sorcerer, wielding a dagger and wearing a robe The air twists around and strikes the orc sorcerer!
The sun demon hits you!!
You are engulfed in flames.
You resist.
You take 23 damage, and have 65/99 hp.
MASSIVE DAMAGE!!
You now have 2/29 mp.
You feel yourself speed up.
The sun demon hits you but does no damage.
The orc warrior hits you with a battleaxe!
The orc sorcerer points at you and mumbles some strange words.
You suddenly lose the ability to move!
The sun demon hits you!!
You are engulfed in flames.
You resist.
* * * LOW HITPOINT WARNING * * *
The orc warrior completely misses you. The sun demon hits you.
* * * LOW HITPOINT WARNING * * *
You are engulfed in flames.
You resist.
* * * LOW HITPOINT WARNING * * *
The sun demon hits you!
* * * LOW HITPOINT WARNING * * *
You are engulfed in flames.
You resist.
* * * LOW HITPOINT WARNING * * *
The orc warrior hits you but does no damage.
The orc sorcerer hits you with a dagger.
* * * LOW HITPOINT WARNING * * *
The sun demon hits you but does no damage.
The orc warrior hits you with a battleaxe.
You die...

........#)......#
...)..)))[.))..## ###
.....))))....### ##.###
......)))..[### #....#
............).## ##.##.
...............# ###..
..............o### #####...
....((.........3.### #..#....
.......(.......o@..## ###......#
...(...........o.[[.####..(......
.......(...........#.#..(........
..(...(..................#.......
.############............##......
.{,* #........##.#####.... { *
#...##.###...# ##... ,, * **
***#..##### ##.## ##[[. ,,* ,,
*#### ##### #.)[.


You could see a sun demon, an orc sorcerer, an orc warrior and an orc.

Vanquished Creatures
  Saint Roka (Orc:2)
  An orc warlord (Orc:2)
  2 stone giants
  Azrael (Orc:2)
  Snorg (Lair:3)
  A minotaur (Lab)
  Josephine (Orc:2)
  3 catoblepae (Lair:6)
  9 hydras
  A two-headed ogre (D:8)
  4 death yaks (Lair:6)
  An orc high priest (Orc:2)
  Nergalle (Lair:2)
  A lindwurm (Lair:6)
  An orc knight (Orc:1)
  A deep elf mage (D:8)
  A manticore (Lair:6)
  4 orc sorcerers (Orc:2)
  The ghost of ciphuk the Slicer, a novice KoBe of Trog (D:7)
  Maurice (D:9)
  A black mamba (Lair:6)
  2 molten gargoyles (Volcano)
  A gargoyle (Volcano)
  15 spiny frogs
  9 komodo dragons
  An efreet (Volcano)
  4 trolls
  3 jumping spiders (Lair:3)
  A merfolk (Lair:2)
  13 blink frogs
  7 dream sheep (Lair:6)
  Prince Ribbit (D:8)
  5 hippogriffs
  4 redbacks (Lair:3)
  4 hogs (D:8)
  A human (D:8)
  3 wraiths (Orc:2)
  30 yaks
  4 wyverns
  4 fire elementals
  A fire bat (Volcano)
  6 hungry ghosts
  3 wargs (Orc:2)
  Menkaure (D:7)
  19 water moccasins
  3 hell hounds (Orc:2)
  11 porcupines
  35 orc warriors
  Duvessa (D:5)
  A black bear (D:8)
  An ice beast (D:8)
  4 sky beasts
  2 necrophages
  15 ogres
  2 phantoms
  An eye of draining (D:8)
  3 centaurs
  16 wolves
  14 crocodiles
  2 big kobolds
  13 bullfrogs
  Dowan (D:5)
  5 scorpions
  A troll zombie (D:9)
  2 water moccasin zombies (Ossuary)
  14 killer bees
  An electric eel (Lair:2)
  9 wights
  3 crimson imps
  3 lava snakes (Volcano)
  2 quasits
  2 centaur zombies
  4 bullfrog zombies
  7 hounds
  21 orc priests
  A centaur skeleton (D:10)
  Crazy Yiuf (D:5)
  19 orc wizards
  A bullfrog skeleton (D:8)
  An iguana (D:10)
  7 worker ants
  6 hell rats (Lair:3)
  3 killer bee zombies
  7 ogre zombies (D:9)
  2 hound zombies (Ossuary)
  14 mummies (Ossuary)
  2 worker ant zombies (Ossuary)
  2 howler monkey zombies
  Robin (D:2)
  4 gnolls (D:4)
  17 adders
  3 shadow imps
  An ooze (D:5)
  4 adder zombies (Ossuary)
  A worm (D:4)
  3 dart slugs
  3 leopard geckos
  72 orcs
  5 ball pythons
  5 giant cockroaches
  16 goblins
  11 hobgoblins
  6 jackals
  6 quokkas
  10 bats
  5 frilled lizards
  2 gnoll zombies (D:4)
  A goblin zombie (D:9)
  3 hobgoblin zombies (D:9)
  A jackal skeleton (D:7)
  2 jackal zombies (Ossuary)
  18 kobolds
  A leopard gecko skeleton (D:6)
  A leopard gecko zombie (Ossuary)
  4 orc skeletons (D:9)
  16 orc zombies (D:9)
  A quokka skeleton (D:4)
  A quokka zombie (Ossuary)
  9 rats
  A plant (Lair:2)
679 creatures vanquished.

Vanquished Creatures (others)
  An orc wizard (Orc:2)
  14 fungi
  22 plants
  4 spectral weapons
41 creatures vanquished.

Grand Total: 720 creatures vanquished

Notes
Turn   | Place    | Note
-------+----------+-------------------------------------------
     0 | D:1      | MackTheKnife the Tengu Air Elementalist began the quest for the Orb.
     0 | D:1      | Reached XP level 1. HP: 10/10 MP: 4/4
   264 | D:1      | Reached XP level 2. HP: 13/15 MP: 6/6
   474 | D:1      | Reached skill level 2 in Conjurations
   882 | D:2      | Learned a level 2 spell: Swiftness
   895 | D:2      | Reached XP level 3. HP: 10/19 MP: 3/7
  1039 | D:2      | Learned a level 3 spell: Static Discharge
  1474 | D:2      | Reached XP level 4. HP: 18/24 MP: 9/9
  1579 | D:2      | Reached skill level 5 in Air Magic
  1619 | D:2      | Reached skill level 3 in Conjurations
  1724 | D:2      | Noticed Robin
  1826 | D:2      | Killed Robin
  1826 | D:2      | Reached skill level 3 in Spellcasting
  1935 | D:2      | Found a shattered altar of Ashenzari.
  1939 | D:2      | Became a worshipper of Ashenzari the Shackled
  2187 | D:3      | Gained mutation: You can fly. [Tengu growth]
  2187 | D:3      | Reached XP level 5. HP: 9/28 MP: 0/10
  2188 | D:3      | HP: 7/28 [poisoned by an adder]
  2193 | D:3      | HP: 4/28 [poisoned by an adder]
  2451 | D:3      | Reached skill level 4 in Conjurations
  2856 | D:3      | Noticed Rrauwl's ghost (amateur DENe)
  3253 | D:3      | Reached XP level 6. HP: 31/32 MP: 5/12
  3691 | D:3      | Reached skill level 6 in Air Magic
  4157 | D:3      | Learned a level 4 spell: Airstrike
  4183 | D:4      | Gained mutation: Your flesh is heat resistant. (rF+) [potion of mutation]
  4183 | D:4      | Gained mutation: You possess an exceptional clarity of mind. [potion of mutation]
  4183 | D:4      | Gained mutation: You have a pair of small horns on your head. [potion of mutation]
  4246 | D:4      | Noticed a phantom
  4311 | D:4      | Found an opulent altar of Gozag.
  4558 | D:4      | Reached skill level 4 in Spellcasting
  4558 | D:4      | Reached skill level 5 in Conjurations
  4599 | D:4      | Killed a phantom
  4599 | D:4      | Reached XP level 7. HP: 36/36 MP: 0/14
  5039 | D:4      | Found a basalt altar of Yredelemnul.
  5091 | D:5      | Entered Level 5 of the Dungeon
  5102 | D:5      | HP: 7/36 [centaur/arrow (12)]
  5103 | D:5      | Reached skill level 7 in Air Magic
  5341 | D:5      | Found a hide-covered altar of Uskayaw.
  5414 | D:5      | Found a shimmering altar of Xom.
  5427 | D:5      | Found a shimmering altar of Xom.
  5430 | D:5      | Found a shimmering altar of Xom.
  5431 | D:5      | Found a shimmering altar of Xom.
  5432 | D:5      | Found a shimmering altar of Xom.
  5488 | D:5      | Found a sand-covered staircase.
  5496 | Ossuary  | Entered an ossuary
  5509 | Ossuary  | Reached skill level 6 in Conjurations
  5540 | Ossuary  | HP: 8/36 [bullfrog zombie (3)]
  5654 | Ossuary  | HP: 2/36 [mummy (17)]
  5721 | Ossuary  | Reached skill level 5 in Spellcasting
  5721 | Ossuary  | Reached XP level 8. HP: 17/41 MP: 2/16
  5724 | Ossuary  | HP: 10/41 [water moccasin zombie (7)]
  5733 | Ossuary  | HP: 9/41 [killer bee zombie (2)]
  5820 | Ossuary  | Reached skill level 7 in Conjurations
  5820 | Ossuary  | Reached skill level 8 in Air Magic
  6109 | Ossuary  | Reached skill level 1 in Fighting
  6364 | D:5      | Noticed Dowan
  6366 | D:5      | Noticed Duvessa
  6373 | D:5      | Killed Duvessa
  6373 | D:5      | Reached skill level 2 in Fighting
  6373 | D:5      | Reached skill level 3 in Dodging
  6380 | D:5      | Killed Dowan
  6419 | D:5      | Reached skill level 1 in Short Blades
  6530 | D:5      | Found a runed door.
  6682 | D:5      | Reached skill level 3 in Fighting
  6682 | D:5      | Reached skill level 4 in Dodging
  6684 | D:5      | HP: 11/46 [poisoned by a scorpion]
  6689 | D:5      | HP: 5/46 [poisoned by a scorpion]
  7060 | D:5      | Found a staircase to the Ecumenical Temple.
  7076 | D:5      | Reached skill level 2 in Short Blades
  7248 | D:5      | Found a shadowy altar of Dithmenos.
  7248 | D:5      | Found a hazy altar of Hepliaklqana.
  7376 | D:5      | Noticed Crazy Yiuf
  7382 | D:5      | Killed Crazy Yiuf
  7485 | D:6      | Reached XP level 9. HP: 51/51 MP: 15/17
  7562 | D:6      | Reached skill level 3 in Short Blades
  7838 | D:6      | Reached * piety under Ashenzari
  7944 | D:6      | Reached skill level 4 in Fighting
  8326 | D:7      | Reached skill level 5 in Dodging
  8444 | D:7      | Learned a level 3 spell: Regeneration
  8451 | D:7      | Noticed Menkaure
  8613 | D:7      | Killed Menkaure
  8613 | D:7      | Reached skill level 4 in Short Blades
  8941 | D:7      | Noticed ciphuk's ghost (novice KoBe)
  8958 | D:7      | Killed ciphuk's ghost
  8958 | D:7      | Reached skill level 5 in Fighting
  8958 | D:7      | Reached skill level 5 in Short Blades
  8958 | D:7      | Reached skill level 6 in Dodging
  9231 | D:7      | Found an iron altar of Okawaru.
  9907 | D:7      | Found an ornate altar of the Wu Jian Council.
  9937 | D:7      | Reached skill level 6 in Fighting
  9937 | D:7      | Reached XP level 10. HP: 53/60 MP: 5/18
 10109 | D:7      | Reached skill level 6 in Short Blades
 10191 | D:8      | Reached skill level 7 in Dodging
 10911 | D:7      | Reached skill level 7 in Fighting
 11121 | D:8      | Reached skill level 8 in Dodging
 11447 | D:8      | Noticed Prince Ribbit
 11492 | D:8      | Killed Prince Ribbit
 11492 | D:8      | Reached skill level 8 in Fighting
 11622 | D:8      | Reached skill level 9 in Dodging
 11728 | D:8      | Noticed a deep elf mage
 11734 | D:8      | Killed a deep elf mage
 11943 | D:9      | Found a staircase to the Orcish Mines.
 11957 | D:9      | Reached XP level 11. HP: 63/69 MP: 2/19
 12069 | D:9      | Found a staircase to the Lair.
 12069 | D:9      | Noticed a two-headed ogre
 12083 | D:9      | Reached ** piety under Ashenzari
 12100 | D:9      | Learned a level 5 spell: Lightning Bolt
 12154 | D:8      | Killed a two-headed ogre
 13141 | D:9      | Found a sacrificial altar of Ru.
 13144 | D:9      | Noticed Maurice
 13147 | D:9      | Killed Maurice
 13147 | D:9      | Reached skill level 6 in Spellcasting
 13147 | D:9      | Reached skill level 8 in Conjurations
 13254 | D:9      | Reached skill level 9 in Air Magic
 13648 | D:10     | Entered Level 10 of the Dungeon
 14214 | D:10     | Reached *** piety under Ashenzari
 14425 | D:10     | Learned a level 4 spell: Iskenderun's Mystic Blast
 14779 | D:10     | Reached skill level 9 in Conjurations
 14779 | D:10     | Reached skill level 10 in Air Magic
 14946 | Lair:1   | Entered Level 1 of the Lair of Beasts
 15001 | Lair:1   | Found a dark tunnel.
 15010 | Volcano  | Entered a volcano
 15087 | Volcano  | Reached **** piety under Ashenzari
 15283 | Volcano  | Found a bloodstained altar of Trog.
 15283 | Volcano  | Identified the +7 fire dragon scales of the Jolly Songs {rF++ rC- rCorr}
 15283 | Volcano  | Noticed a stone giant
 15323 | Volcano  | Reached skill level 7 in Spellcasting
 15519 | Volcano  | Killed a stone giant
 15530 | Volcano  | Reached XP level 12. HP: 25/75 MP: 6/24
 15534 | Volcano  | HP: 12/75 [molten gargoyle/bolt of magma (14)]
 15541 | Volcano  | Reached skill level 10 in Conjurations
 15839 | Lair:1   | Reached skill level 1 in Armour
 15843 | Lair:1   | Reached skill level 9 in Fighting
 16072 | Lair:1   | Reached skill level 2 in Armour
 16372 | Lair:1   | Reached skill level 10 in Dodging
 16554 | Lair:1   | Reached skill level 3 in Armour
 16724 | Lair:2   | Found a labyrinth entrance.
 16732 | Lab      | Entered a labyrinth
 16873 | Lab      | Noticed a minotaur
 16882 | Lab      | Killed a minotaur
 16882 | Lab      | Identified the ring "Onlef Xirgh" {*Tele +Inv rPois rC-} (You took it off a minotaur in a labyrinth)
 16882 | Lab      | Reached skill level 4 in Armour
 16883 | Lab      | Identified Mod Pergheo's Catalogue of Destructive Transmutation
 17022 | Lair:2   | Found a staircase to the Shoals.
 17183 | Lair:2   | Noticed a six-headed hydra
 17199 | Lair:2   | Killed a six-headed hydra
 17202 | Lair:2   | Noticed an eight-headed hydra
 17214 | Lair:2   | Reached skill level 10 in Fighting
 17235 | Lair:2   | Noticed Nergalle
 17236 | Lair:2   | Noticed an eight-headed hydra
 17236 | Lair:2   | Reached ***** piety under Ashenzari
 17467 | Lair:1   | Reached skill level 5 in Armour
 17681 | Lair:2   | Noticed a five-headed hydra
 17683 | Lair:2   | Killed a five-headed hydra
 17757 | Lair:2   | Reached skill level 6 in Armour
 17871 | Lair:2   | Killed an eight-headed hydra
 18049 | Lair:2   | Killed Nergalle
 18276 | Lair:3   | Reached skill level 7 in Armour
 18424 | Lair:3   | Reached skill level 11 in Fighting
 18424 | Lair:3   | Reached XP level 13. HP: 70/84 MP: 25/25
 18574 | D:10     | Learned a level 3 spell: Spectral Weapon
 18714 | Lair:3   | Reached skill level 1 in Charms
 18782 | Lair:3   | Reached skill level 1 in Hexes
 18837 | Lair:3   | Reached skill level 2 in Charms
 18846 | Lair:3   | Reached skill level 2 in Hexes
 18857 | Lair:2   | HP: 21/84 [poisoned by a spiny frog]
 18862 | Lair:2   | HP: 16/84 [poisoned by a spiny frog]
 18867 | Lair:2   | HP: 13/84 [poisoned by a spiny frog]
 18872 | Lair:2   | HP: 12/84 [poisoned by a spiny frog]
 18877 | Lair:2   | HP: 11/84 [poisoned by a spiny frog]
 18885 | Lair:2   | HP: 11/84 [poisoned by a spiny frog]
 18893 | Lair:2   | HP: 11/84 [poisoned by a spiny frog]
 19352 | Lair:3   | Noticed Snorg
 19361 | Lair:3   | Killed Snorg
 19361 | Lair:3   | Reached skill level 3 in Charms
 19371 | Lair:3   | Reached skill level 11 in Air Magic
 20134 | Lair:3   | Found a hole to the Spider Nest.
 20243 | Lair:3   | Reached skill level 8 in Spellcasting
 20633 | Lair:4   | Reached skill level 7 in Short Blades
 21348 | Lair:5   | Reached skill level 1 in Necromancy
 21491 | Lair:5   | Reached ****** piety under Ashenzari
 21764 | Lair:5   | Reached skill level 2 in Necromancy
 21893 | Lair:6   | Entered Level 6 of the Lair of Beasts
 21986 | Lair:6   | Reached skill level 8 in Short Blades
 22441 | Lair:6   | Found a viscous altar of Jiyva.
 22442 | Lair:6   | Found a staircase to the Slime Pits.
 22696 | Lair:6   | Gained mutation: You can fly continuously. [Tengu growth]
 22696 | Lair:6   | Reached XP level 14. HP: 58/91 MP: 27/27
 23057 | Lair:6   | Reached skill level 12 in Fighting
 23067 | Lair:6   | Reached skill level 9 in Spellcasting
 23516 | Lair:6   | Reached skill level 9 in Short Blades
 23723 | Lair:6   | Reached skill level 11 in Dodging
 24231 | Orc:1    | Entered Level 1 of the Orcish Mines
 24240 | Orc:1    | Found a roughly hewn altar of Beogh.
 24461 | Orc:1    | Noticed a stone giant
 24517 | Orc:1    | Killed a stone giant
 24580 | Orc:1    | Found a roughly hewn altar of Beogh.
 24737 | Orc:2    | Entered Level 2 of the Orcish Mines
 24872 | Orc:2    | Noticed Josephine
 24889 | Orc:2    | Reached skill level 13 in Fighting
 24896 | Orc:2    | Noticed Azrael
 24896 | Orc:2    | Killed Josephine
 25087 | Orc:2    | Killed Azrael
 25087 | Orc:2    | Reached skill level 12 in Dodging
 25451 | Orc:2    | Noticed Saint Roka
 26051 | Orc:2    | Found a roughly hewn altar of Beogh.
 26109 | Orc:2    | Killed Saint Roka
 26227 | Orc:2    | Found a staircase to the Elven Halls.
 26349 | Orc:2    | Noticed an orc warlord
 26367 | Orc:2    | Killed an orc warlord
 26367 | Orc:2    | Reached XP level 15. HP: 99/99 MP: 7/29
 27235 | Orc:2    | HP: 15/99 [sixfirhy[an orc high priest] (10)]
 27530 | Orc:2    | Reached skill level 11 in Conjurations
 27532 | Orc:2    | Paralysed by an orc sorcerer for 4 turns
 27533 | Orc:2    | HP: 19/99 [sun demon[an orc sorcerer] (6)]
 27534 | Orc:2    | HP: 8/99 [sun demon[an orc sorcerer] (11)]
 27534 | Orc:2    | HP: 2/99 [sun demon[an orc sorcerer] (6)]
 27535 | Orc:2    | Slain by an orc warrior

Vault maps used:
D:1:      roderic_octagonal_star, hex_medium, hangedman_glass_teeth,
          kennysheep_small_spiral, minmay_small_reverse_x
D:2:      marbit_many_paths, first_bread, uniq_robin
D:4:      kennysheep_mini, lemuel_zombie_altar_yredelemnul
D:5:      eat_drink_and_be_merry_uskayaw, gammafunk_temple_overflow_elements,
          minmay_temple_entry_poolview, nicolae_ossuary_entry_monument,
          xom_redecorated, uniq_crazy_yiuf_cottage, uniq_duvessa
D:6:      serial_column_ruins, column_ruins_columns_straight,
          column_ruins_columns_dead_end, column_ruins_columns_water
D:7:      lemuel_doored_altar, basic_altar, uniq_menkaure
D:8:      grunt_livestock, kennysheep_nondescript, minmay_three_doors,
          uniq_prince_ribbit1
D:9:      lair_entry_dummy, zombieorc2_lemuel, minivault_24,
          nicolae_ru_awakened_eye, uniq_maurice
D:10:     minivault_1
Lair:1:   lightli_volcano_entry_magma_tube
Lair:2:   elwin_shoals_entry_rooms, lab_entry_generic, uniq_nergalle
Lair:3:   nicolae_spider_entry_tight_spaces, grunt_megastairs_5, uniq_rupert,
          uniq_snorg
Lair:4:   special_room
Lair:6:   evilmike_catoblepas_cave, slime_altar_1, serial_bayou_crossing,
          grunt_megastairs_1
Orc:1:    basic_altar, mines1_david
Orc:2:    st_orc_congregation, basic_altar, uniq_saint_roka, uniq_josephine,
          uniq_azrael
Lab:      labyrinth_mini_lab, nicolae_lab_big_swirl
Ossuary:  ossuary_zaba_flooded
Volcano:  volcano_lake

Skill      XL: |  1  2  3  4  5  6  7  8  9 10 11 12 13 14 15 |
---------------+----------------------------------------------+-----
Conjurations   | 2 3 4 5 6 7 9 10 11 | 11.0
Air Magic      | 5 6 7 8 10 11 | 11.9
Spellcasting   | 3 4 5 7 8 9 |  9.2
Fighting       | 3 6 8 11 13 | 13.5
Dodging        | 4 6 9 10 12 | 12.6
Short Blades   | 2 5 6 8 9 |  9.0
Armour         | 7 |  7.2
Charms         | 3 |  3.0
Hexes          | 2 |  2.5
Necromancy     | 2 |  2.5
Stealth        | |  2.0

Action                   |  1- 3 |  4- 6 |  7- 9 | 10-12 | 13-15 || total
-------------------------+-------+-------+-------+-------+-------++-------
Melee: Short sword       |    47 |    90 |   196 |   368 |   676 ||  1377
       Unarmed           |     4 |       |       |       |       ||     4
       Kick              |     7 |    20 |    55 |   102 |   173 ||   357
       Peck              |     5 |    12 |    24 |    47 |   107 ||   195
       Headbutt          |       |     1 |    27 |    48 |   126 ||   202
 Cast: Shock             |    28 |    74 |   100 |    94 |       ||   296
       Static Discharge  |     1 |    19 |    25 |    42 |    10 ||    97
       Airstrike         |       |       |    17 |    67 |    83 ||   167
       Lightning Bolt    |       |       |       |    35 |    48 ||    83
       Iskenderun's Myst |       |       |       |    12 |    35 ||    47
       Spectral Weapon   |       |       |       |       |    41 ||    41
       Regeneration      |       |       |       |       |    20 ||    20
Invok: Curse Item        |       |     1 |     4 |     3 |       ||     8
       Scrying           |       |       |       |     1 |       ||     1
 Abil: Fly               |       |       |     1 |    13 |     6 ||    20
Evoke: Wand              |       |       |       |       |     3 ||     3
  Use: Scroll            |     3 |     4 |    15 |     7 |     4 ||    33
       Potion            |       |     4 |     9 |     5 |     4 ||    22
 Stab: Sleeping          |     4 |       |     4 |     2 |       ||    10
       Distracted        |       |       |     1 |       |     3 ||     4
       Petrified         |       |       |       |       |     4 ||     4
  Eat: Chunk             |     2 |    10 |    10 |    18 |    21 ||    61
       Bread ration      |       |       |     3 |     6 |     2 ||    11
       Fruit             |       |       |     1 |     4 |     1 ||     6
       Meat ration       |       |       |       |     1 |     4 ||     5
       Royal jelly       |       |       |       |     1 |     1 ||     2
Armor: Robe              |     5 |       |       |       |       ||     5
       Leather armour    |    15 |    26 |    59 |    49 |       ||   149
       Ring mail         |       |       |       |    39 |   130 ||   169
Dodge: Dodged            |    42 |    62 |   150 |   299 |   444 ||   997

Vault maps used:
D:1:      roderic_octagonal_star, hex_medium, hangedman_glass_teeth,
          kennysheep_small_spiral, minmay_small_reverse_x
D:2:      marbit_many_paths, first_bread, uniq_robin
D:4:      kennysheep_mini, lemuel_zombie_altar_yredelemnul
D:5:      eat_drink_and_be_merry_uskayaw, gammafunk_temple_overflow_elements,
          minmay_temple_entry_poolview, nicolae_ossuary_entry_monument,
          xom_redecorated, uniq_crazy_yiuf_cottage, uniq_duvessa
D:6:      serial_column_ruins, column_ruins_columns_straight,
          column_ruins_columns_dead_end, column_ruins_columns_water
D:7:      lemuel_doored_altar, basic_altar, uniq_menkaure
D:8:      grunt_livestock, kennysheep_nondescript, minmay_three_doors,
          uniq_prince_ribbit1
D:9:      lair_entry_dummy, zombieorc2_lemuel, minivault_24,
          nicolae_ru_awakened_eye, uniq_maurice
D:10:     minivault_1
Lair:1:   lightli_volcano_entry_magma_tube
Lair:2:   elwin_shoals_entry_rooms, lab_entry_generic, uniq_nergalle
Lair:3:   nicolae_spider_entry_tight_spaces, grunt_megastairs_5, uniq_rupert,
          uniq_snorg
Lair:4:   special_room
Lair:6:   evilmike_catoblepas_cave, slime_altar_1, serial_bayou_crossing,
          grunt_megastairs_1
Orc:1:    basic_altar, mines1_david
Orc:2:    st_orc_congregation, basic_altar, uniq_saint_roka, uniq_josephine,
          uniq_azrael
Lab:      labyrinth_mini_lab, nicolae_lab_big_swirl
Ossuary:  ossuary_zaba_flooded
Volcano:  volcano_lake

Table legend:
 A = Turns spent in this place as a percentage of turns spent in the entire game.
 B = Non-inter-level travel turns spent in this place as a percentage of non-inter-level travel turns spent in the entire game.
 C = Inter-level travel turns spent in this place as a percentage of turns spent in this place.
 D = Turns resting spent in this place as a percentage of non-inter-level travel turns spent in this place.
 E = Turns spent auto-exploring this place as a percentage of non-inter-level travel turns spent in this place.
 F = Non-inter-level travel turns spent in this place divided by the number of levels of this place that you've seen.
                   A       B       C       D       E      F
               +-------+-------+-------+-------+-------+----------------------
         Total | 100.0 | 100.0 |   0.7 |   6.2 |   8.1 | 349.6
       Dungeon |  43.1 |  43.0 |   0.8 |   6.4 |  10.4 | 316.0
          Lair |  29.1 |  29.0 |   1.0 |   5.3 |   6.8 | 355.3
  Orcish Mines |  15.6 |  15.6 |   0.7 |   5.0 |   8.8 | 571.5
     Labyrinth |   2.5 |   2.5 |   0.0 |   4.3 |   0.0 | 186.0
       Ossuary |   4.3 |   4.3 |   0.0 |  17.0 |   5.0 | 318.0
       Volcano |   5.4 |   5.5 |   0.0 |   6.0 |   0.0 | 402.0
               +-------+-------+-------+-------+-------+----------------------

Table legend:
 A = Kills in this place as a percentage of kills in entire the game.
 B = Kills by you in this place as a percentage of kills by you in the entire game.
 C = Kills by friends in this place as a percentage of kills by friends in the entire game.
 D = Other kills in this place as a percentage of other kills in the entire game.
 E = Experience gained in this place as a percentage of experience gained in the entire game.
 F = Experience gained in this place divided by the number of levels of this place that you have seen.
                   A       B       C       D       E      F
               +-------+-------+-------+-------+-------+----------------------
         Total | 100.0 | 100.0 |  -nan |  -nan | 100.0 | 4488.3
       Dungeon |  45.7 |  45.7 |  -nan |  -nan |  15.3 | 1445.6
          Lair |  26.3 |  26.3 |  -nan |  -nan |  53.7 | 8442.5
  Orcish Mines |  21.1 |  21.1 |  -nan |  -nan |  24.9 | 11723.5
     Labyrinth |   0.1 |   0.1 |  -nan |  -nan |   1.2 | 1098.0
       Ossuary |   5.0 |   5.0 |  -nan |  -nan |   0.8 | 708.0
       Volcano |   1.8 |   1.8 |  -nan |  -nan |   4.1 | 3891.0
               +-------+-------+-------+-------+-------+----------------------
